 Dungeon Crawl Stone Soup version 0.25-a0-294-gea9b1ad378 (webtiles) character file.

Game seed: 15553854573243932745, levelgen mode: classic

517 Borgoz the Cudgeler (level 7, -1/66 HPs)
             Began as a Gargoyle Berserker on Dec 19, 2019.
             Was a Priest of Trog.
             Killed by divine providence
             ... invoked by an orc priest
              (14 damage)
             ... on level 4 of the Dungeon.
             The game lasted 00:03:08 (2074 turns).

Borgoz the Cudgeler (Gargoyle Berserker)            Turns: 2074, Time: 00:03:09

Health: -1/66      AC: 24    Str: 23    XL:     7   Next: 20%
Magic:  7/7        EV:  2    Int:  7    God:    Trog [***...]
Gold:   94         SH:  0    Dex: 15    Spells: 6/6 levels left

rFire    . . .     SeeInvis .   d - +2 whip (drain)
rCold    . . .     Gourm    .   (no shield)
rNeg     + + +     Faith    .   (armour currently unavailable)
rPois    ∞         Spirit   .   (helmet currently unavailable)
rElec    .         Reflect  .   (cloak currently unavailable)
rCorr    .         Harm     .   (gloves currently unavailable)
MR       +....     NoTele   +   (boots currently unavailable)
Stlth    +.........             (no amulet)
HPRegen  0.21/turn              p - +1 ring of protection
MPRegen  0.10/turn              q - +4 ring of dexterity

@: tree-form, berserk cooldown, slowed, very slow
A: magic resistance 1, negative energy resistance 1, strong 1, petrification
resistance, rot immunity, AC +4
a: Berserk, Trog's Hand, Renounce Religion


You were on level 4 of the Dungeon.
You worshipped Trog.
Trog was most pleased with you.
You were hungry.
You were a tree.
You visited 1 branch of the dungeon, and saw 4 of its levels.

You collected 94 gold pieces.

Inventory:

Hand Weapons
 d - a +2 whip of draining (weapon)
Armour
 b - a +0 animal skin (melded)
 n - a +0 helmet (melded)
Jewellery
 p - a +1 ring of protection (left branch)
 q - a +4 ring of dexterity (right branch)
Scrolls
 a - a scroll of identify {unknown}
 g - a scroll of enchant armour {unknown}
 h - a scroll of teleportation {unknown}
 j - a scroll of noise {unknown}
 l - 2 scrolls of remove curse {unknown}
 t - a scroll of random uselessness {unknown}
 u - a scroll of amnesia {unknown}
Potions
 e - a potion of berserk rage {unknown}
 f - a potion of mutation
 i - a potion of resistance {unknown}
 k - a potion of invisibility {unknown}
 r - a potion of flight {unknown}
Comestibles
 c - 6 rations
 m - 6 chunks of flesh


   Skills:
 + Level 4.3 Fighting
 + Level 4.9 Maces & Flails
 + Level 4.8 Armour
 + Level 3.5 Dodging


You had 6 spell levels left.
You didn't know any spells.
Your spell library was empty.

Dungeon Overview and Level Annotations

Branches:
Dungeon (4/15)
 Temple: D:4-7

Altars:
Cheibriados
Fedhas


Innate Abilities, Weirdness & Mutations

You are resistant to torment.
((Your stone body is resilient. (AC +4)))
You are immune to poison.
You resist negative energy. (rN+)
((You are resistant to electric shocks. (rElec)))
((You can survive without breathing.))
You are immune to petrification.
You are immune to rotting.
You are resistant to hostile enchantments. (MR+)
Your muscles are strong. (Str +2)


Message History

Your +0 animal skin melds into your body.
Your roots penetrate the ground.
Something hits you but does no damage.
The orc priest hits you but does no damage.
Something hits you but does no damage.
You barely miss something. The orc priest barely misses you.
Something hits you but does no damage.
You hit something. Something hits you but does no damage.
The orc priest hits you but does no damage.
You whack something! Trog accepts your kill.
Trog appreciates your killing of a magic user.
Reactivating autopickup.
You feel a bit more experienced.
The orc priest hits you with a +0 flail.
* * * LOW HITPOINT WARNING * * *
You whack the orc priest! You drain the orc priest.
The orc priest is almost dead.
The orc priest calls down the wrath of Beogh upon you.
Beogh smites you!
You die...

..........##............
......#...#....#........
......#....#.###........
#.....###....# #........
......##.....##.........
........).##..##........
#.......)....######.....
#......))†....# #...##
##....#♣o....... ....#.
##.....###.(..# .....#.
####..# .....#####...
.... ....# ... ###..
o.## #.. #... .. #..
#... ... ..... ..


You could see an orc priest.

Vanquished Creatures
  Sigmund (D:4)
  2 hounds (D:4)
  2 bullfrog skeletons (D:4)
  2 orc wizards (D:4)
  Natasha (thrice) (D:2)
  A worker ant (D:4)
  3 adders
  3 oozes
  A worm (D:2)
  2 dart slugs
  2 leopard geckos (D:1)
  5 orcs (D:4)
  6 giant cockroaches
  4 goblins
  7 hobgoblins
  A quokka (D:4)
  A ball python (D:1)
  7 bats
  6 kobolds
  5 rats (D:1)
64 creatures vanquished.

Notes
Turn   | Place    | Note
-------+----------+-------------------------------------------
     0 | D:1      | Borgoz the Gargoyle Berserker began the quest for the Orb.
     0 | D:1      | Reached XP level 1. HP: 14/14 MP: 1/1
    42 | D:1      | Reached XP level 2. HP: 13/19 MP: 2/2
   431 | D:1      | Reached XP level 3. HP: 23/23 MP: 3/3
   438 | D:1      | Reached ** piety under Trog
   909 | D:2      | Noticed Natasha
   915 | D:2      | Killed Natasha
   915 | D:2      | Reached XP level 4. HP: 26/28 MP: 4/4
   968 | D:2      | Found a snail-covered altar of Cheibriados.
  1026 | D:2      | Noticed Natasha
  1037 | D:2      | Killed Natasha
  1217 | D:2      | Noticed Natasha
  1225 | D:2      | Killed Natasha
  1225 | D:2      | Reached XP level 5. HP: 21/32 MP: 5/5
  1421 | D:2      | Found a blossoming altar of Fedhas.
  1918 | D:4      | Reached XP level 6. HP: 35/37 MP: 6/6
  1937 | D:4      | Noticed Sigmund
  1948 | D:4      | Reached *** piety under Trog
  1961 | D:4      | Killed Sigmund
  2045 | D:4      | Reached XP level 7. HP: 35/43 MP: 7/7
  2064 | D:4      | Gained mutation: You are resistant to hostile enchantments.
                  | (MR+) [potion of mutation]
  2064 | D:4      | Gained mutation: Your muscles are strong. (Str +2) [potion
                  | of mutation]
  2074 | D:4      | Killed from afar by an orc priest

Levels and vault maps discovered:
D:1:      dpeg_arrival_chase, layout_loops_ring
D:2:      layout_rooms, kennysheep_slug_shrine, fedhas_altar_1, uniq_natasha
D:3:      layout_rooms, first_ration, kennysheep_orc_chapel
D:4:      layout_cave_pools, uniq_sigmund

Skill      XL: |  1  2  3  4  5  6 |
---------------+-------------------+-----
Dodging        | 2 3 |  3.5
Armour         | 3 4 |  4.8
Maces & Flails | 4 |  4.9
Fighting       | 4 |  4.3

Action                   |  1- 3 |  4- 6 |  7- 9 || total
-------------------------+-------+-------+-------++-------
Melee: Whip              |    62 |   114 |    21 ||   197
Invok: Berserk           |       |     1 |       ||     1
  Use: Potion            |       |       |     4 ||     4
 Stab: Sleeping          |       |     1 |       ||     1
  Eat: Chunk             |       |     4 |       ||     4
Armor: Animal skin       |    16 |    36 |     8 ||    60
       Skin              |       |       |     6 ||     6
Dodge: Dodged            |    45 |    94 |    15 ||   154

Table legend:
 A = Non-vault XP
 B = Vault XP
 C = Vault XP percentage of total XP
 D = Non-vault monster count
 E = Vault monster count
 F = Vault count percentage of total count
                 A         B        C        D         E       F
            +---------+---------+-------+---------+---------+-------
      Total |     495 |     244 |  33.0 |      61 |       3 |   4.7
            +---------+---------+-------+---------+---------+-------
        D:1 |      51 |       0 |   0.0 |      27 |       0 |   0.0
        D:2 |     109 |      39 |  26.4 |      13 |       2 |  13.3
        D:3 |      13 |       0 |   0.0 |       4 |       0 |   0.0
        D:4 |     322 |     205 |  38.9 |      17 |       1 |   5.6
            +---------+---------+-------+---------+---------+-------
